Unix NetHack Version 5.0.0-0 post-release - last build Jun 10 2026 00:39:30 (3ee93aec679c4c4259841fe613dc97188e26a321,branch:main).

Game began 2026-06-23 12:01:13, ended 2026-06-24 01:38:30.

Drastanta, neutral male human Barbarian

   ---------      --------------
   |*=====*.|     |............|
   |==="*==.-#####|............|
   |=]=====.|#   #|...........@|
   |==="===. #   #------------O-
   --------- #   ######  ##   %
             #       #####))####
             #           #
            ##
           ##
           ###
           -|--------
           |........-                                              --.------.
           |........|                                              |.........|
           |........|                                              ...<......|
           |........|                                              |.........|
           |........|                                              |.........|
           ----------                                              -----------

Drastanta the Brigand      St:18 Dx:17 Co:17 In:8 Wi:8 Ch:7  Neutral
Dlvl:22 $:429 HP:0(121) Pw:24(24) AC:-6 Xp:11 T:17127 

Latest messages:
 The forest centaur kicks!
 The forest centaur swings his bow.
 The forest centaur misses!
 The forest centaur kicks!
 You smite the forest centaur!
 The forest centaur swings his bow.
 The forest centaur misses!
 The forest centaur kicks!
 You smite the forest centaur!
 You smite the forest centaur!
 The forest centaur swings his bow.
 The forest centaur misses!
 The forest centaur misses!
 The forest centaur swings his bow.
 The forest centaur hits!
 The forest centaur kicks!
 You smite the forest centaur!
 The forest centaur swings his bow.
 The forest centaur hits!
 The forest centaur misses!
 You smite the forest centaur!
 The forest centaur swings his bow.
 The forest centaur hits!
 The forest centaur kicks!
 You kill the forest centaur!
 The ogre lady picks up a bow.
 You smite the ogre lady!
 The ogre lady swings her battle-axe.
 The ogre lady hits!
 You smite the ogre lady!
 You hear someone counting gold coins.
 You smite the ogre lady!
 The ogre lady swings her battle-axe.
 The ogre lady misses!
 You smite the ogre lady!
 The ogre lady swings her battle-axe.
 The ogre lady hits!
 You smite the ogre lady!
 The ogre lady swings her battle-axe.
 The ogre lady hits!
 You smite the ogre lady!
 The ogre lady swings her battle-axe.
 The ogre lady hits!
 You die...
 Do you want your possessions identified? [ynq] (y) y
 Do you want to see your attributes? [ynq] (y) y
 Do you want an account of creatures vanquished? [ynaq] (y) y
 Do you want a list of species genocided? [ynaq] (y) y
 Do you want to see your conduct and achievements? [ynq] (y) y
 Do you want to see the dungeon overview? [ynq] (y) y

Inventory:
 Coins    ('$')
  $ - 429 gold pieces
 Amulets  ('"')
  j - an uncursed amulet of flying
 Weapons  (')')
  a - a thoroughly rusty thoroughly corroded +0 axe (weapon in right hand)
 Armor    ('[')
  S - an uncursed thoroughly rusty +0 dwarvish iron helm (being worn)
  w - an uncursed +0 pair of leather gloves
  G - a blessed very rusty +2 pair of iron shoes (being worn)
  R - an uncursed +0 cloak of protection
  d - an uncursed thoroughly burnt very rotted +0 mummy wrapping (being worn)
  h - a blessed rotproof +3 gray dragon scale mail (being worn)
 Comestibles  ('%')
  z - 4 uncursed tripe rations
  O - an uncursed lizard corpse
 Scrolls  ('?')
  I - an uncursed scroll of confuse monster
  t - a cursed scroll of enchant weapon
  X - an uncursed scroll of light
 Potions  ('!')
  N - an uncursed diluted potion of hallucination
  K - an uncursed potion of healing
  W - an uncursed potion of see invisible
  Q - an uncursed potion of speed
  T - 3 potions of holy water
 Rings    ('=')
  F - a cursed ring of conflict
  H - an uncursed ring of fire resistance
  P - an uncursed ring of poison resistance (on left hand)
  q - a cursed ring of polymorph control
  e - a blessed +2 ring of protection (on right hand)
 Wands    ('/')
  V - a wand of cancellation (0:2)
  c - a wand of light (0:13)
  M - a wand of light (0:13)
  u - a wand of make invisible (0:5)
  C - a wand of make invisible (0:3)
  s - a wand of stasis (0:1)
  E - a wand of striking (0:5)
  l - a wand of striking (0:4)
  g - a wand of teleportation (0:5)
  y - a wand of teleportation (0:4)
  v - a wand of teleportation (0:0)
 Tools    ('(')
  b - a blessed bag of holding containing 47 items
  p - an empty uncursed bag of holding
  U - a can of grease (0:11)
  Y - an uncursed magic whistle
  n - an uncursed skeleton key
  B - an uncursed towel
 Gems/Stones  ('*')
  D - a blessed luckstone

Contents of the bag of holding:
  6618 gold pieces
  an uncursed amulet versus poison
  a +0 two-handed sword
  an uncursed +0 pair of kicking boots
  a blessed very burnt +1 robe
  an uncursed banana
  an uncursed eucalyptus leaf
  an uncursed lizard corpse
  3 uncursed lizard corpses
  an uncursed scroll of blank paper
  a blessed scroll of confuse monster
  2 uncursed scrolls of confuse monster
  an uncursed scroll of create monster
  an uncursed scroll of destroy armor
  an uncursed scroll of earth
  an uncursed scroll of fire
  an uncursed scroll of gold detection
  an uncursed scroll of light
  2 uncursed scrolls of remove curse
  a cursed scroll of remove curse
  a blessed spellbook of chain lightning
  an uncursed spellbook of magic mapping
  an uncursed spellbook of turn undead
  a blessed potion of gain ability
  a cursed potion of hallucination
  a cursed potion of invisibility
  2 cursed diluted potions of object detection
  a blessed potion of restore ability
  an uncursed potion of restore ability
  a blessed potion of see invisible
  an uncursed potion of see invisible
  a blessed potion of sickness
  an uncursed ring of cold resistance
  a blessed +1 ring of gain constitution
  a cursed ring of hunger
  an uncursed +2 ring of protection
  an uncursed ring of shock resistance
  a cursed ring of slow digestion
  an uncursed ring of warning
  a wand of nothing (0:5)
  a wand of nothing (0:4)
  a wand of speed monster (0:5)
  a wand of speed monster (0:5)
  2 uncursed tallow candles
  a +0 unicorn horn
  an uncursed flint stone
  2 blessed luckstones

Drastanta the Barbarian's attributes:

Background:
 You were a Brigand, a level 11 male human Barbarian.
 You were neutral, on a mission for Crom
 who was opposed by Mitra (lawful) and Set (chaotic).
 You were right-handed.
 You were in the Dungeons of Doom, on level 22.
 You entered the dungeon 17127 turns ago.
 It was nighttime.
 You had 14244 experience points, 5756 more were needed to attain level 12.

Basics:
 You had 0 out of 121 hit points.
 You had all 24 energy points (spell power).
 Your armor class was -6.
 Your wallet contained 429 zorkmids, and
 you had 6618 more stashed away in your pack.
 Autopickup was on for '$' plus thrown.

Final Characteristics:
 Your strength was 18 (peak:18/01, limit:18/100).
 Your dexterity was 17 (limit:18).
 Your constitution was 17 (peak:18, limit:18).
 Your intelligence was 8 (limit:18).
 Your wisdom was 8 (limit:18).
 Your charisma was 7 (limit:18).

Final Status:
 You weren't hungry.
 You were unencumbered.
 You were wielding an axe.
 You had expert skill with axe.

Final Attributes:
 You were piously aligned.
 You were magic-protected.
 You were poison resistant.
 You were telepathic.
 You were visible.
 You had a small defense bonus (+2).
 You were guarded.
 You were fast.
 You were lucky.
 You had extra luck.
 Good luck did not time out for you.
 You are dead.

Miscellaneous:
 You didn't encounter any bones levels.
 Total elapsed playing time was 3 hours, 53 minutes and 46 seconds.

Major events:
 Turn
    1: Drastanta the neutral male human Barbarian entered the dungeon
 1030: entered the Gnomish Mines
 1033: attained the rank of Pillager (level 3)
 2230: attained the rank of Bandit (level 6)
 2255: reached Mine Town
 4239: made his first wish - "Blessed Fixed +3 Gray Dragon Scale Mail", got "a gray dragon scale mail"
 6168: acquired the Mines' End luckstone
 7932: performed his first genocide (class h)
 8546: entered Sokoban
 8840: completed 1st Sokoban level
 9454: completed 2nd Sokoban level
 9866: completed 3rd Sokoban level
10879: completed 4th Sokoban level
10974: attained the rank of Brigand (level 10)
11156: acquired the Sokoban bag of holding
12541: entered the Bigroom
12598: entered Home 1, the Quest
17127: killed by an ogre lady

You didn't know any spells.

Skills:
 Fighting Skills
   bare handed combat [Basic]
   two weapon combat  [Unskilled]
   riding             [Unskilled]
 Weapon Skills
   dagger             [Unskilled]
   axe                [Expert]
   pick-axe           [Unskilled]
   short sword        [Unskilled]
   broadsword         [Unskilled]
   long sword         [Unskilled]
   two-handed sword   [Basic]
   saber              [Unskilled]
   club               [Unskilled]
   mace               [Unskilled]
   morning star       [Unskilled]
   flail              [Unskilled]
   hammer             [Unskilled]
   quarterstaff       [Unskilled]
   spear              [Unskilled]
   trident            [Unskilled]
   bow                [Unskilled]
 Spellcasting Skills
   attack spells      [Unskilled]
   escape spells      [Unskilled]

Voluntary challenges:
 Character rerolling was not enabled.
 You genocided 7 types of monsters.
 You never polymorphed an object.
 You never changed form.
 You used 1 wish.
 You did not wish for any artifacts.
 You violated the special Sokoban rules once.
Achievements:
 You entered a shop.
 You entered the Gnomish Mines.
 You attained the rank of Pillager.
 You attained the rank of Bandit.
 You entered Minetown.
 You entered a temple.
 You completed the Gnomish Mines.
 You entered Sokoban.
 You attained the rank of Brigand.
 You completed Sokoban.
 You entered the Big Room.

 The Dungeons of Doom: levels 1 to 22
    Level 1:
       An altar to Crom, some fountains.
    Level 2:
       A general store, a fountain.
       Stairs down to The Gnomish Mines.
    Level 3:
    Level 4:
    Level 5:
       Many fountains.
       Oracle of Delphi.
    Level 6:
       A fountain.
       Stairs up to Sokoban, level 5.
    Level 7:
       A general store, a grave.
    Level 8:
    Level 9:
    Level 10:
       A food shop, a fountain.
    Level 11:
       A very big room.
    Level 12:
       Summoned by Pelias.
       Portal to The Quest.
    Level 13:
    Level 14:
    Level 15:
       A general store, a fountain.
    Level 16:
       A primitive area.
    Level 17:
       A sink.
    Level 18:
    Level 19:
       A ring shop.
    Level 20:
       A grave.
    Level 21:
    Level 22: <- You were here.
       A ring shop.
       Final resting place for
          you, killed by an ogre lady.
 The Gnomish Mines: levels 3 to 11
    Level 3:
    Level 4:
    Level 5:
       Many shops, a temple and an altar to Crom, some fountains.
    Level 6:
    Level 7:
    Level 8:
    Level 9:
    Level 10:
    Level 11:
 The Quest:
    Level 1:
       Many trees.
       Home.
 Sokoban: levels 5 up to 2
    Level 2:
       Solved.
    Level 3:
       Solved.
    Level 4:
       Solved.
    Level 5:
       Solved.


Vanquished creatures:
  a trapper
  a lich
  8 black puddings
  a ghost
  4 giant mimics
  a fire giant
  2 ogre tyrants
  6 large mimics
  a wumpus
 an air elemental
  2 earth elementals
  a hill giant
  2 giant zombies
 13 small mimics
  a warhorse
  4 xans
  2 ogre leaders
  3 quantum mechanics
  a pyrolisk
  a freezing sphere
  4 flaming spheres
  a shocking sphere
  a gargoyle
  2 dwarf rulers
  a tengu
  a leocrotta
 an energy vortex
  a mountain centaur
 an elf mummy
  a red naga
  a python
  a pit viper
  2 ettin zombies
  3 chameleons
  2 crocodiles
  3 giant beetles
  a cockatrice
  6 wolves
  2 winter wolf cubs
  a panther
  4 gremlins
  a spotted jelly
  4 leprechauns
 an orc-captain
  3 giant spiders
  3 scorpions
 an ice vortex
  2 black lights
  3 vampire bats
  3 forest centaurs
  3 gnome rulers
 an orc mummy
  a dwarf mummy
  4 brown puddings
  2 rust monsters
  4 yetis
  2 gold golems
  3 Green-elves
  6 lizards
  2 dingoes
  a dog
  a jaguar
  a blue jelly
  a white unicorn
  2 black unicorns
  2 dust vortices
  3 ravens
  a plains centaur
  2 gnome mummies
  3 snakes
  3 apes
  2 human zombies
  4 Woodland-elves
  2 soldier ants
 10 fire ants
  a quasit
  a mountain nymph
  a Mordor orc
  3 rock piercers
  a rock mole
  a pony
 14 fog clouds
  a yellow light
  a shrieker
  a violet fungus
 24 gnome leaders
  6 gnomish wizards
  a kobold mummy
  a gray ooze
  a barrow wight
  6 elf zombies
  a ghoul
  3 straw golems
  2 paper golems
 10 giant ants
  a little dog
  2 floating eyes
 18 dwarves
  a homunculus
  2 kobold shamans
 11 hill orcs
  6 rothes
  a rabid rat
  a giant bat
  a monkey
  3 orc zombies
  5 dwarf zombies
  a wererat
  a werejackal
 an iguana
  2 killer bees
  4 coyotes
  5 hobbits
  2 manes
  2 large kobolds
  7 hobgoblins
 14 giant rats
  8 cave spiders
  2 brown molds
 80 gnomes
  a garter snake
  5 gnome zombies
  9 geckos
  6 jackals
  2 foxes
  4 kobolds
  4 goblins
  3 sewer rats
  5 grid bugs
  a bat
  3 lichens
  6 kobold zombies
 11 newts
504 creatures vanquished.

Genocided species:
 master mind flayers
 mind flayers
 dwarf rulers
 dwarf leaders
 bugbears
 dwarves
 hobbits
7 species genocided.

Game over:
                       ----------
                      /          \
                     /    REST    \
                    /      IN      \
                   /     PEACE      \
                  /                  \
                  |    Drastanta     |
                  |     7047 Au      |
                  |   killed by an   |
                  |    ogre lady     |
                  |                  |
                  |                  |
                  |       2026       |
                 *|     *  *  *      | *
        _________)/\\_//(\/(/\)/\//\/|_)_______

Goodbye Drastanta the Barbarian...

You died in The Dungeons of Doom on dungeon level 22 with 66469 points,
and 7047 pieces of gold, after 17127 moves.
You were level 11 with a maximum of 121 hit points when you died.

